 Dungeon Crawl Stone Soup version 0.19-a0-1050-g8e71ee3 (webtiles) character file.

154 GordonOverkill the Chopper (level 5, -5/45 HPs)
             Began as a Minotaur Monk on Aug 1, 2016.
             Killed by divine providence
             ... invoked by an orc priest
              (13 damage)
             ... on level 3 of the Dungeon.
             The game lasted 00:06:38 (2350 turns).

GordonOverkill the Chopper (Minotaur Monk)          Turns: 2350, Time: 00:06:39

Health: -5/45      AC:  6    Str: 16    XL:     5   Next: 13%
Magic:  4/4        EV: 13    Int:  7    God:
Gold:   139        SH:  0    Dex: 13    Spells: 0 memorised, 4 levels left

rFire  . . .     SeeInvis .     a - +0 hand axe
rCold  . . .     Gourm    .     r - +0 leather armour
rNeg   . . .     Faith    .     (no shield)
rPois  .         Spirit   .     (helmet restricted)
rElec  .         Dismiss  .     (no cloak)
rCorr  .         Reflect  .     (no gloves)
SustAt .         Harm     .     (no boots)
MR     .....                    h - amulet of magic regeneration
Stlth  +.........               (no ring)
                                o - +3 ring of protection

@: not resistant to hostile enchantments, very unstealthy
A: retaliatory headbutt, horns 2
a: no special abilities


You were on level 3 of the Dungeon.
You were not hungry.

You visited 1 branch of the dungeon, and saw 3 of its levels.

You collected 139 gold pieces.

Inventory:

Hand Weapons
 a - a +0 hand axe (weapon)
Missiles
 n - 6 tomahawks of dispersal (quivered)
 s - 3 tomahawks
Armour
 q - a +0 large shield
 r - a +0 leather armour (worn)
Jewellery
 h - an amulet of magic regeneration (around neck)
 o - a +3 ring of protection (left hand)
Scrolls
 b - 2 scrolls of amnesia {unknown}
 e - 4 scrolls of teleportation {unknown}
 f - 2 scrolls of identify {unknown}
 g - 2 scrolls of remove curse
 i - 3 scrolls of fog {unknown}
 k - 2 scrolls of enchant armour {unknown}
 l - 3 scrolls of enchant weapon {unknown}
 t - a scroll of random uselessness {unknown}
Potions
 m - a potion of haste {unknown}
Comestibles
 c - 4 bread rations
 d - 3 meat rations
 j - a beef jerky


   Skills:
 - Level 3.6 Fighting
 + Level 7.1 Axes
 - Level 3.2 Dodging
 - Level 1.5 Stealth


You had 4 spell levels left.
You didn't know any spells.

Dungeon Overview and Level Annotations

Branches:
Dungeon (3/15)

Altars:
Gozag
Ru


Innate Abilities, Weirdness & Mutations

You reflexively headbutt those who attack you in melee.
You have a pair of horns on your head.


Message History

The orc wizard hits you but does no damage.
Okay, then.
You hit the orc wizard but do no damage.
You headbutt the orc wizard!
The orc wizard is almost dead.
You hit the orc priest but do no damage.
The orc priest hits you with a club.
* * * LOW HITPOINT WARNING * * *
The orc wizard hits you with a dagger.
* * * LOW HITPOINT WARNING * * *
You hit the orc wizard.
You kill the orc wizard!
Your Axes skill increases to level 7!
You have reached level 5!
You hit the orc priest. You closely miss the quokka.
Your headbutt misses the quokka. The quokka misses you.
The orc priest mumbles some strange prayers to Beogh against you.
Beogh smites you!
You die...

#####################
#..>..............[.# ##
#...###############.# .#
#...# #.######## .#
#...###############........#
.#
#........or@................
.#
###.#####o##########.......#
.# #...# #o.# ##.######
.#####)### ##.# #..##...
.......# .o ##.##(..
.#######


o.o #.##... .....# ...# #.##### .#.#.## .o.+ #.# # .#<.รท.# .or# #.# # You could
see 2 orc priests and a quokka.

Vanquished Creatures
  An orc wizard (D:3)
  4 adders
  2 oozes
  3 worms (D:2)
  A dart slug (D:1)
  2 giant geckos
  An orc (D:3)
  8 giant cockroaches
  6 goblins
  3 hobgoblins
  6 jackals
  5 bats
  5 giant newts
  12 kobolds
  14 rats
73 creatures vanquished.

Notes
Turn   | Place    | Note
-------+----------+-------------------------------------------
     0 | D:1      | GordonOverkill the Minotaur Monk began the quest for the Orb.
     0 | D:1      | Reached XP level 1. HP: 19/19 MP: 0/0
    72 | D:1      | Reached skill level 4 in Axes
   417 | D:1      | Reached XP level 2. HP: 26/26 MP: 1/1
   670 | D:1      | Reached skill level 5 in Axes
   678 | D:1      | Reached XP level 3. HP: 19/31 MP: 2/2
  1164 | D:2      | Found an opulent altar of Gozag.
  1423 | D:2      | Reached XP level 4. HP: 27/39 MP: 3/3
  1549 | D:2      | Reached skill level 6 in Axes
  2125 | D:3      | Found a sacrificial altar of Ru.
  2348 | D:3      | Reached skill level 7 in Axes
  2348 | D:3      | Reached XP level 5. HP: 7/45 MP: 4/4
  2350 | D:3      | Killed from afar by an orc priest

Vault maps used:
D:1:      dpeg_arrival_rooms_b, hangedman_abyss_or_decor_lesser_grid,
          minmay_ruptured
D:2:      minmay_wonky_spiral, nicolae_gozag_seed_capital, first_bread,
          kennysheep_potato
D:3:      kennysheep_six_static_rooms, lemuel_crystal_altar,
          grunt_decor_mini_mirrors

Skill      XL: |  1  2  3  4 |
---------------+-------------+-----
Axes           | 4 5 7 |  7.1
Fighting       | |  3.6
Dodging        | |  3.2
Stealth        | |  1.5

Action                   |  1- 3 |  4- 6 || total
-------------------------+-------+-------++-------
Melee: Hand axe          |   101 |    81 ||   182
       Headbutt          |    13 |    13 ||    26
  Use: Scroll            |     2 |       ||     2
 Stab: Sleeping          |     3 |     2 ||     5
  Eat: Chunk             |     1 |     4 ||     5
Armor: Robe              |    24 |       ||    24
       Leather armour    |       |    18 ||    18
Dodge: Dodged            |    60 |    46 ||   106
